 Dungeon Crawl Stone Soup version 0.29.0-4-gdea44cf6ec (webtiles) character file.

Game seed: 2364318321832086080

114 qw the Chopper (level 4, -1/26 HPs)
             Began as a Tengu Warper on Aug 28, 2022.
             Slain by a worm (3 damage)
             ... on level 3 of the Dungeon.
             The game lasted 00:00:16 (3020 turns).

qw the Chopper (Tengu Warper)                       Turns: 3020, Time: 00:00:16

Health: -1/26      AC:  5    Str: 14    XL:     4   Next: 97%
Magic:  8/8        EV: 12    Int: 13    God:
Gold:   54         SH:  0    Dex: 13    Spells: 7/7 levels left

rFire   . . .      SeeInvis .   Y - +0 hand axe
rCold   . . .      Faith    .   (no shield)
rNeg    . . .      Spirit   .   b - +0 leather armour
rPois   .          Reflect  .   (helmet restricted)
rElec   .          Harm     .   l - +1 cloak
rCorr   .          Rampage  .   (no gloves)
Will    .....                   (boots unavailable)
Stlth   +.........              (no amulet)
HPRegen 0.08/turn               (no ring)
MPRegen 0.11/turn               (no ring)

@: about to teleport
A: beak, talons 3
a: no special abilities


You were on level 3 of the Dungeon.
You visited 1 branch of the dungeon, and saw 3 of its levels.

You collected 97 gold pieces.
You spent 43 gold pieces at shops.


Innate Abilities, Weirdness & Mutations

You have a beak for a mouth.
You have claws for feet.


   Skills:
 - Level 2.0 Fighting
 + Level 5.4 Axes
 - Level 1.0 Throwing
 - Level 1.1 Armour
 - Level 2.1 Dodging
 - Level 2.0 Spellcasting
 - Level 2.4 Translocations


You had 7 spell levels left.
You didn't know any spells.
Your spell library contained the following spells:

 Spells                   Type           Power      Damage    Failure   Level
 Blink                    Tloc           14%        N/A       19%         2
 Gell's Gravitas          Tloc           7%         N/A       34%         3
 Lesser Beckoning         Tloc           7%         N/A       34%         3
 Teleport Other           Tloc           7%         N/A       34%         3
 Manifold Assault         Tloc           7%         N/A       97%         5

Inventory:

Hand Weapons
 f - a +0 mace
 Y - a +0 hand axe (weapon)
Armour
 a - the +3 ring mail of Instinct {rElec rF++ rCorr Dex-2}
   (You found it on level 3 of the Dungeon)

   Dex:       It affects your dexterity (-2).
   rF:        It greatly protects you from fire.
   rElec:     It insulates you from electricity.
   rCorr:     It protects you from acid and corrosion.
 b - a +0 leather armour (worn)
 l - a +1 cloak (worn)
Jewellery
 k - a ring of positive energy
Scrolls
 c - a scroll of immolation {unknown}
 g - a scroll of identify
 m - a scroll of vulnerability {unknown}
Potions
 d - 2 potions of brilliance {unknown}
 e - a potion of mutation {unknown}
 h - a potion of heal wounds {unknown}
 j - a potion of might

Dungeon Overview and Level Annotations

Branches:
Dungeon (3/15)

Altars:
Dithmenos
Hepliaklqana
Ru

Shops:
D:1 !   D:3 *


Message History

You can access your shopping list by pressing '$'.
An endoplasm comes into view.
You hit the endoplasm but do no damage. You claw the endoplasm.
You peck the endoplasm.
You kill the endoplasm!
A worm comes into view.
A howler monkey comes into view.
3010 ||| Stepping ~*~*~tactically~*~*~ (stealth).
3011 ||| Stepping ~*~*~tactically~*~*~ (stealth).
3012 ||| Stepping ~*~*~tactically~*~*~ (stealth).
The howler monkey howls!
The howler monkey hoots and howls with incredible vigour!
You hear a shout!
You closely miss the howler monkey. The howler monkey hits you.
You hit the howler monkey. You claw the howler monkey.
The howler monkey is heavily wounded.
The howler monkey hits you but does no damage.
The howler monkey hits you.
You hit the howler monkey. You claw the howler monkey.
Your peck misses the howler monkey.
The howler monkey is almost dead.
The howler monkey hits you but does no damage.
You completely miss the howler monkey.
The howler monkey is almost dead.
You barely miss the worm.
The endoplasm quivers.
The howler monkey hoots and howls with incredible vigour!
The worm bites you!
You hear an angry hiss.
You hear a shout! x2
You hit the howler monkey. Your kick misses the howler monkey.
The howler monkey is almost dead.
You hit the worm. The howler monkey hits you.
3020 ||| READING scroll of teleportation.
As you read the scroll of teleportation, it crumbles to dust.
You feel strangely unstable.
The howler monkey hoots and howls with incredible vigour!
The worm bites you.
You die...

#.####.. .######.#.....#
#.###..# ##.#>....#
#..... #.w.#######
#..##### ## ...##
........ .. ... ########
#.###... #...J###
#wh#### ##@...####
#........#
##############........#
##.....................#
...############........#
#### #........#
##########


You could see a worm, a howler monkey (catching breath) and an endoplasm.

Vanquished Creatures
  Jessica (D:2)
  4 adders
  A worm (D:2)
  A dart slug (D:3)
  4 ball pythons
  4 bats
  6 endoplasms
  7 goblins
  2 hobgoblins
  2 jackals (D:1)
  A quokka (D:2)
  A ball python skeleton (D:2)
  A frilled lizard (D:3)
  3 kobolds
  8 rats
46 creatures vanquished.

Notes
Turn   | Place    | Note
-------+----------+-------------------------------------------
     0 | D:1      | qw the Tengu Warper began the quest for the Orb.
     0 | D:1      | Reached XP level 1. HP: 12/12 MP: 4/4
     0 | D:1      | 0 ||| qw: Version: 0.1-a-89-g26bdef1
     0 | D:1      | 0 ||| qw: Game counter: 1223
     0 | D:1      | 0 ||| qw: Always use a shield: true
     0 | D:1      | 0 ||| qw: God list: Okawaru
     0 | D:1      | 0 ||| qw: Allow faded altars: false
     0 | D:1      | 0 ||| qw: Do Orc after D:15 true
     0 | D:1      | 0 ||| qw: Do second Lair branch before Depths: true
     0 | D:1      | 0 ||| qw: Lair rune preference: random
     0 | D:1      | 0 ||| qw: Plans: Normal
     0 | D:1      | 0 ||| PLANNING D:1-11
   112 | D:1      | Found Gaogreon's Distillery.
   130 | D:1      | 130 ||| SHOPLISTING potion of curing (30 gold, have 19).
   130 | D:1      | 130 ||| SHOPLISTING potion of haste (100 gold, have 19).
   130 | D:1      | 130 ||| SHOPLISTING potion of heal wounds (50 gold, have
                  | 19).
   130 | D:1      | 130 ||| SHOPLISTING potion of mutation (80 gold, have 19).
   343 | D:1      | Reached skill level 3 in Axes
   343 | D:1      | Reached XP level 2. HP: 17/17 MP: 6/6
   707 | D:1      | 707 ||| Stepping ~*~*~tactically~*~*~ (stealth).
   764 | D:1      | 764 ||| Stepping ~*~*~tactically~*~*~ (stealth).
   879 | D:1      | Found a faded altar of an unknown god.
   945 | D:1      | Reached XP level 3. HP: 21/21 MP: 7/7
  1099 | D:1      | 1099 ||| READING scroll labelled SIV SYCWUTUGERHA.
  1100 | D:1      | 1100 ||| READING scroll labelled MISMAI ZISUROBB.
  1104 | D:1      | 1104 ||| READING scroll labelled WEFIAM MOGHO.
  1105 | D:1      | 1105 ||| DROPPING scroll of blinking.
  1387 | D:2      | Noticed Jessica
  1394 | D:2      | Killed Jessica
  1395 | D:2      | Reached skill level 4 in Axes
  1545 | D:2      | 1545 ||| FLEEEEING.
  1546 | D:2      | 1546 ||| FLEEEEING.
  1547 | D:2      | 1547 ||| FLEEEEING.
  1548 | D:2      | 1548 ||| FLEEEEING.
  1552 | D:2      | 1552 ||| FLEEEEING.
  1553 | D:2      | 1553 ||| FLEEEEING.
  1558 | D:2      | 1558 ||| FLEEEEING.
  1559 | D:2      | 1559 ||| FLEEEEING.
  1560 | D:2      | 1560 ||| FLEEEEING.
  1561 | D:2      | 1561 ||| FLEEEEING.
  1562 | D:2      | 1562 ||| FLEEEEING.
  1565 | D:2      | 1565 ||| FLEEEEING.
  1567 | D:2      | 1567 ||| FLEEEEING.
  1683 | D:2      | Reached XP level 4. HP: 13/26 MP: 8/8
  1688 | D:2      | HP: 6/26 [poisoned by an adder]
  2222 | D:2      | Reached skill level 5 in Axes
  2365 | D:2      | 2365 ||| UPGRADING to +0 cloak.
  2370 | D:2      | 2370 ||| DROPPING amulet of faith.
  2371 | D:2      | 2371 ||| READING scroll labelled FITAOCOGOZ.
  2372 | D:2      | 2372 ||| READING scroll labelled ZOCOOH GEZOH.
  2373 | D:2      | 2373 ||| DRINKING 2 black potions.
  2428 | D:3      | Found a sacrificial altar of Ru.
  2429 | D:3      | Found a hazy altar of Hepliaklqana.
  2480 | D:3      | 2480 ||| FLEEEEING.
  2481 | D:3      | 2481 ||| FLEEEEING.
  2482 | D:3      | 2482 ||| FLEEEEING.
  2483 | D:3      | 2483 ||| FLEEEEING.
  2484 | D:3      | 2484 ||| FLEEEEING.
  2485 | D:3      | 2485 ||| STAIRDANCE
  2609 | D:3      | 2609 ||| STAIRDANCE
  2667 | D:3      | Identified the +3 ring mail of Instinct {rElec rF++ rCorr
                  | Dex-2}
  2712 | D:3      | 2712 ||| Stepping ~*~*~tactically~*~*~ (stealth).
  2866 | D:3      | 2866 ||| READING scroll of enchant armour.
  2866 | D:3      | 2866 ||| ENCHANTING +0 cloak.
  2881 | D:3      | Found a shadowy altar of Dithmenos.
  2968 | D:3      | Found Noaklesh's Assorted Antiques.
  2976 | D:3      | 2976 ||| SHOPLISTING chain mail (103 gold, have 97).
  2976 | D:3      | 2976 ||| BUYING murky clear potion (20 gold).
  2976 | D:3      | Bought a murky clear potion for 20 gold pieces
  2976 | D:3      | 2976 ||| BUYING scroll labelled PIZUSI NIENILE (23 gold).
  2976 | D:3      | Bought a scroll labelled PIZUSI NIENILE for 23 gold pieces
  3010 | D:3      | 3010 ||| Stepping ~*~*~tactically~*~*~ (stealth).
  3011 | D:3      | 3011 ||| Stepping ~*~*~tactically~*~*~ (stealth).
  3012 | D:3      | 3012 ||| Stepping ~*~*~tactically~*~*~ (stealth).
  3019 | D:3      | HP: 2/26 [howler monkey (5)]
  3020 | D:3      | 3020 ||| READING scroll of teleportation.
  3020 | D:3      | Slain by a worm

Levels and vault maps discovered:
D:1:      minmay_arrival_widening_spiral_wide, layout_basic,
          hellmonk_ecumenical_altar_dog_temple, serial_shops,
          nicolae_shop_hallway_stairs
D:2:      layout_basic, serial_undead, serial_undead_f, serial_undead_c,
          serial_undead_f, serial_undead_f, uniq_jessica
D:3:      layout_rooms, gammafunk_temple_overflow_statue, amcnicky_altar_gilded,
          serial_shops, shop, minmay_ogre_servants

Skill      XL: |  1  2  3  4 |
---------------+-------------+-----
Axes           | 3 4 5 |  5.4
Fighting       | |  2.0
Throwing       | |  1.0
Armour         | |  1.1
Dodging        | |  2.1
Spellcasting   | |  2.0
Translocations | |  2.4

Action                   |  1- 3 |  4- 6 || total
-------------------------+-------+-------++-------
Melee: Hand axe          |    62 |    57 ||   119
       Kick              |     7 |    13 ||    20
       Peck              |     4 |     2 ||     6
       Punch             |     1 |     1 ||     2
Throw: Boomerang         |     7 |       ||     7
  Use: Scroll            |     3 |     4 ||     7
       Potion            |       |     1 ||     1
Armor: Leather armour    |    12 |    15 ||    27
Dodge: Dodged            |    30 |    31 ||    61

Table legend:
 A = Non-vault XP
 B = Vault XP
 C = Vault XP percentage of total XP
 D = Non-vault monster count
 E = Vault monster count
 F = Vault count percentage of total count
                 A         B        C        D         E       F
            +---------+---------+-------+---------+---------+-------
      Total |     121 |      42 |  25.8 |      42 |       4 |   8.7
            +---------+---------+-------+---------+---------+-------
        D:1 |      30 |       4 |  11.8 |      18 |       2 |  10.0
        D:2 |      47 |      38 |  44.7 |      14 |       2 |  12.5
        D:3 |      44 |       0 |   0.0 |      10 |       0 |   0.0
            +---------+---------+-------+---------+---------+-------
